 Dungeon Crawl Stone Soup version 0.21-a0-401-g0b6bec4 (webtiles) character file.

140 Fireblaze683 the Covert (level 5, 0/25 HPs)
             Began as a Spriggan Assassin on Oct 25, 2017.
             Killed by divine providence
             ... invoked by an orc priest
              (12 damage)
             ... on level 3 of the Dungeon.
             The game lasted 00:18:24 (1850 turns).

Fireblaze683 the Covert (Spriggan Assassin)         Turns: 1850, Time: 00:18:25

Health: 0/25       AC:  3    Str:  7    XL:     5   Next: 2%
Magic:  6/6        EV: 17    Int: 12    God:
Gold:   90         SH:  0    Dex: 19    Spells: 4/4 levels left

rFire    . . .     SeeInvis +   h - +0 dagger (venom)
rCold    . . .     Gourm    .   (shield restricted)
rNeg     . . .     Faith    .   c - +0 robe
rPois    .         Spirit   .   (helmet restricted)
rElec    .         Reflect  .   d - +0 cloak
rCorr    .         Harm     .   (gloves unavailable)
MR       .....                  (boots unavailable)
Stlth    +++++.....             (no amulet)
HPRegen  0.08/turn              (no ring)
MPRegen  0.10/turn              (no ring)

@: very quick
A: unfitting armour, see invisible, herbivore 3, speed 3, slow metabolism 2
a: no special abilities


You were on level 3 of the Dungeon.
You were not hungry.

You visited 1 branch of the dungeon, and saw 4 of its levels.

You collected 90 gold pieces.

Inventory:

Hand Weapons
 a - a +2 dagger
 b - a +0 blowgun
 h - a +0 dagger of venom (weapon)
 i - a +0 short sword
Missiles
 e - 8 poisoned needles
 f - 9 curare-tipped needles (quivered)
Armour
 c - a +0 robe (worn)
 d - a +0 cloak (worn)
Jewellery
 j - an uncursed ring of resist corrosion {unknown}
Scrolls
 l - a scroll of recharging
 m - a scroll of enchant weapon {unknown}
 n - a scroll of identify
Potions
 k - a potion of flight {unknown}
 o - a potion of berserk rage {unknown}
Comestibles
 g - 3 bread rations


   Skills:
 - Level 1.5 Fighting
 - Level 2.1 Short Blades
 - Level 2.0 Throwing
 - Level 1.5 Dodging
 + Level 9.6 Stealth


You had 4 spell levels left.
You didn't know any spells.

Dungeon Overview and Level Annotations

Branches:
Dungeon (4/15)
 Temple: D:4-7

Altars:
Hepliaklqana
Nemelex Xobeh
Ru
Xom
The Shining One


Innate Abilities, Weirdness & Mutations

You are very small and have problems with some larger weapons.
You are too small for most types of armour.
You have supernaturally acute eyesight. (SInv)
You are a herbivore.
You cover ground extremely quickly.
You need consume almost no food.


Message History

The leopard gecko bites you.
There is a stone staircase leading up, spattered with blood here.
The orc priest shouts!
The orc shouts!
The orc priest casts a cantrip, but nothing happens.
The leopard gecko barely misses you. The orc misses you.
The orc barely misses you.
The orc shouts!
You climb upwards.
There is a stone staircase leading down here.
Things that are here:
a dagger; an orc corpse
Press: ? - help, v - describe, . - travel
Here: an orc priest, wielding a flail The floor.
The orc priest hits you with a flail.
You hit the orc priest but do no damage.
The orc misses you.
The orc priest invokes the aid of Beogh against you.
Beogh smites you!
You die...

#####.##.#######.# #.#
#.......##..# ## #.#
####.#####.## #.#
####.#### #.......#.###.#
#.......# #...###.##.#.#
#.##.##.# #....##.###.###
#.##.##.# #....##.#.....#
#.##.##.# #.#####.#.....#
#.##.##.# #.......#o@...#
#.......# #.#######loo..#
#.##.##.# #.# #####)....#
#.##.##.# #.# #.......###
#.##.##.# #.# #.#####.#
#.##.##.#
#.###.#####.######.##.##.#
#........##[#.......)....#
#####.##.##.#[####.##.####
#.##.##.#.##......#


You could see an orc priest, 2 orcs and a leopard gecko.

Vanquished Creatures
  A hound (D:3)
  Jessica (D:2)
  2 adders
  4 dart slugs
  A leopard gecko (D:2)
  3 orcs (D:3)
  6 goblins
  7 hobgoblins
  A jackal (D:2)
  6 kobolds
  4 ball pythons
  8 bats
  5 frilled lizards
  4 rats
53 creatures vanquished.

Notes
Turn   | Place    | Note
-------+----------+-------------------------------------------
     0 | D:1      | Fireblaze683 the Spriggan Assassin began the quest for the Orb.
     0 | D:1      | Reached XP level 1. HP: 10/10 MP: 2/2
    37 | D:1      | Reached skill level 6 in Stealth
   127 | D:1      | Reached XP level 2. HP: 14/14 MP: 3/3
   243 | D:1      | Reached skill level 7 in Stealth
   475 | D:2      | Noticed Jessica
   480 | D:2      | Killed Jessica
   480 | D:2      | Reached skill level 8 in Stealth
   480 | D:2      | Reached XP level 3. HP: 17/18 MP: 4/4
   500 | D:2      | Found a sparkling altar of Nemelex Xobeh.
   628 | D:2      | Reached XP level 4. HP: 15/22 MP: 5/5
   836 | D:3      | Found a shimmering altar of Xom.
   837 | D:3      | Found a hazy altar of Hepliaklqana.
   837 | D:3      | Noticed an unseen horror
   838 | D:3      | Noticed an unseen horror
   838 | D:3      | Noticed a spectral ugly thing
   893 | D:3      | Found a glowing golden altar of the Shining One.
  1107 | D:3      | Found an ancient bone altar of Kikubaaqudgha.
  1109 | D:3      | Found a stormy altar of Qazlal.
  1109 | D:3      | Found a deep blue altar of Sif Muna.
  1111 | D:3      | Found a glowing golden altar of the Shining One.
  1111 | D:3      | Found a shimmering altar of Xom.
  1111 | D:3      | Found a bloodstained altar of Trog.
  1625 | D:3      | Reached skill level 9 in Stealth
  1691 | D:4      | Found a sacrificial altar of Ru.
  1824 | D:3      | Reached XP level 5. HP: 22/25 MP: 6/6
  1850 | D:3      | Killed from afar by an orc priest

Vault maps used:
D:1:      dpeg_arrival_pond, minmay_misc_feat_more_columns
D:2:      nicolae_qazlal_style_of_elements, st_stairs_4,
          nemelex_spade_bored_becter, uniq_crazy_yiuf_cottage, uniq_jessica
D:3:      regret_index_temple_of_mockery, nicolae_overflow_crystal_walls,
          doesnt_xom_only_xom
D:4:      lemuel_crystal_altar, first_bread,
          nicolae_ru_great_annihilating_truth, uniq_eustachio, uniq_edmund

Skill      XL: |  1  2  3  4 |
---------------+-------------+-----
Stealth        | 6 8 9 |  9.6
Fighting       | |  1.5
Short Blades   | |  2.1
Throwing       | |  2.0
Dodging        | |  1.5

Action                   |  1- 3 |  4- 6 || total
-------------------------+-------+-------++-------
Melee: Dagger            |    60 |    90 ||   150
 Fire: Blowgun           |     2 |       ||     2
  Use: Scroll            |       |     6 ||     6
       Potion            |       |     2 ||     2
 Stab: Sleeping          |    11 |     8 ||    19
Armor: Robe              |     6 |    12 ||    18
Dodge: Dodged            |    37 |    78 ||   115

Table legend:
 A = Spawn XP
 B = Non-spawn XP
 C = Spawn XP percentage of total XP
 D = Spawn monster count
 E = Non-spawn monster count
 F = Spawn count percentage of total count
 G = Total turns spent on level
                    A         B        C        D         E        F      G
               +---------+---------+-------+---------+---------+-------+---------
         Total |       0 |     200 |   0.0 |       0 |      53 |   0.0 |  1850
               +---------+---------+-------+---------+---------+-------+---------
           D:1 |       0 |      33 |   0.0 |       0 |      18 |   0.0 |   477
           D:2 |       0 |      72 |   0.0 |       0 |      15 |   0.0 |   427
           D:3 |       0 |      91 |   0.0 |       0 |      19 |   0.0 |   874
           D:4 |       0 |       4 |   0.0 |       0 |       1 |   0.0 |    72
               +---------+---------+-------+---------+---------+-------+---------
